 Dungeon Crawl Stone Soup version 0.28.0-53-g5a82cb258f (webtiles) character file.

Game seed: 12515185835030380811

7 Kranky the Prestidigitator (level 2, 0/23 HPs)
             Began as a Gnoll Wanderer on June 17, 2022.
             Slain by a giant cockroach (1 damage)
             ... on level 1 of the Dungeon.
             The game lasted 00:00:32 (326 turns).

Kranky the Prestidigitator (Gnoll Wanderer)          Turns: 326, Time: 00:00:34

Health: 0/23       AC:  2    Str: 10    XL:     2   Next: 4%
Magic:  10/10      EV: 12    Int: 13    God:
Gold:   0          SH:  0    Dex: 10    Spells: 15/15 levels left

rFire   . . .      SeeInvis .   a - +0 club
rCold   . . .      Faith    .   (no shield)
rNeg    . . .      Spirit   .   c - +0 robe
rPois   .          Reflect  .   (no helmet)
rElec   .          Harm     .   (no cloak)
rCorr   .          Rampage  .   (no gloves)
Will    .....                   (no boots)
Stlth   ++........              (no amulet)
HPRegen 0.07/turn               (no ring)
MPRegen 0.12/turn               (no ring)

@: no status effects
A: fangs 1, strong nose, distributed training
a: no special abilities


You were on level 1 of the Dungeon.
You visited 1 branch of the dungeon, and saw 1 of its levels.

Inventory:

Hand Weapons
 a - a +0 club (weapon)
Missiles
 e - 15 stones
Armour
 c - a +0 robe (worn)
Wands
 d - a wand of charming (12) (quivered)
Scrolls
 b - a scroll of fog
 f - a scroll of blinking {unknown}


   Skills:
 + Level 2.4 Fighting
 + Level 0.2 Short Blades
 + Level 0.2 Long Blades
 + Level 0.2 Axes
 + Level 0.2 Maces & Flails
 + Level 0.2 Polearms
 + Level 0.2 Staves
 + Level 0.2 Slings
 + Level 0.2 Bows
 + Level 0.2 Crossbows
 + Level 0.2 Throwing
 + Level 0.2 Armour
 + Level 2.4 Dodging
 + Level 2.2 Stealth
 + Level 0.2 Shields
 + Level 0.2 Unarmed Combat
 + Level 7.1 Spellcasting
 + Level 0.1 Conjurations
 + Level 0.1 Hexes
 + Level 0.1 Summonings
 + Level 0.1 Necromancy
 + Level 0.1 Translocations
 + Level 0.1 Transmutations
 + Level 0.1 Fire Magic
 + Level 0.1 Ice Magic
 + Level 0.1 Air Magic
 + Level 0.1 Earth Magic
 + Level 0.1 Poison Magic
 + Level 0.3 Invocations
 + Level 8.4 Evocations


You had 15 spell levels left.
You didn't know any spells.
Your spell library contained the following spells:

 Spells                   Type           Power      Damage    Failure   Level
 Passwall                 Tmut/Erth      4%         N/A       22%         2
 Wereblood                Tmut           5%         N/A       22%         2


Dungeon Overview and Level Annotations

Branches:
Dungeon (1/15)

Altars:


Innate Abilities, Weirdness & Mutations

You have very sharp teeth.
Your uncanny sense of smell can sniff out nearby items.
Your experience applies equally to all skills.


Message History

The kobold hits you but does no damage.
The kobold hits you with a +0 dagger of speed.
You are too injured to fight recklessly!
You are too injured to fight recklessly!
You are too injured to fight recklessly!
You are too injured to fight recklessly!
You barely miss the kobold.
The kobold is moderately wounded.
The kobold closely misses you.
You closely miss the kobold. Your bite misses the kobold.
The kobold is moderately wounded.
The kobold hits you with a +0 dagger of speed.
The kobold closely misses you.
You hit the kobold.
You kill the kobold!
You hit the giant cockroach but do no damage.
The giant cockroach barely misses you.
An endoplasm comes into view.
The giant cockroach barely misses you.
You barely miss the giant cockroach. The giant cockroach bites you.
* * * LOW HITPOINT WARNING * * *
You barely miss the giant cockroach. The giant cockroach bites you.
* * * LOW HITPOINT WARNING * * *
The giant cockroach closely misses you.
You closely miss the giant cockroach.
The giant cockroach bites you but does no damage.
You closely miss the giant cockroach. The giant cockroach misses you.
The giant cockroach bites you.
* * * LOW HITPOINT WARNING * * *
The endoplasm completely misses you.
You closely miss the giant cockroach. The giant cockroach bites you.
* * * LOW HITPOINT WARNING * * *
The endoplasm barely misses you.
You barely miss the giant cockroach. Your bite misses the giant cockroach.
The giant cockroach bites you but does no damage.
The endoplasm jiggles.
The endoplasm hits you.
* * * LOW HITPOINT WARNING * * *
The giant cockroach bites you.
You die...

# ..≈..... #.
#.≈≈... ##.# #.....
.. #.... ..... #...
#..#.##.≈.# .#...
#.........##.....
#.##>...#..K.....
#.# #J#........
####.#####@#........
#..........B......#
#..†##...#####..##.#
∆.......#.##..# ..#
#########....# ###
#### ##...# #..##
###.# ∆ #...# #.##
#.. ##..## ##.# .. ∆


You could see an endoplasm and a giant cockroach.

Vanquished Creatures
  A ball python (D:1)
  A bat (D:1)
  An endoplasm (D:1)
  A hobgoblin (D:1)
  A quokka (D:1)
  A kobold (D:1)
6 creatures vanquished.

Notes
Turn   | Place    | Note
-------+----------+-------------------------------------------
     0 | D:1      | Kranky the Gnoll Wanderer began the quest for the Orb.
     0 | D:1      | Kranky set off with the following items: a +0 club, a
                  | scroll of fog, a +0 robe, a wand of charming (12); and the
                  | following spells available to memorise: Passwall, Wereblood
     0 | D:1      | Reached XP level 1. HP: 17/17 MP: 8/8
   308 | D:1      | Reached XP level 2. HP: 15/23 MP: 10/10
   326 | D:1      | HP: 1/23 [endoplasm (2)]
   326 | D:1      | Slain by a giant cockroach

Illustrated notes

Levels and vault maps discovered:
D:1:      dpeg_arrival_arbitrary_a, layout_loops_cross,
          shapermc_ecumenical_altar_venn, chequers_serial_rivers_micro_c

Action                   || total
-------------------------++-------
Melee: Club              ||    26
       Bite              ||     2
       Punch             ||     1
 Stab: Sleeping          ||     1
Armor: Robe              ||     9
Dodge: Dodged            ||    15
